[Event "Titled Tuesday Blitz January 10 Early 2023"]
[White "Joubert, Dantelle"]
[Black "Bashirli, Saadat"]
[WhiteFideId "14310813"]
[BlackFideId "13429990"]
[WhiteElo "1566"]
[BlackElo "1571"]
[Result "1-0"]
[Round "07"]
[TimeControl "180+2"]
[Date "2023.01.10"]
[WhiteClock "0:00:11"]
[BlackClock "0:00:11"]

1. d4 d5 2. c4 e6 3. Nf3 c6 4. Qc2 dxc4 5. Qxc4 b5 6. Qc2 Bb7 7. g3 Nf6 8. Bg2 Bb4+ 9. Bd2 Bxd2+ 10. Nbxd2 Nbd7 11. O-O O-O 12. Rac1 Rc8 13. Nb3 Qe7 14. Qc3 Nd5 15. Qa5 a6 16. e4 N5b6 17. Qc3 Nc4 18. e5 Ndb6 19. Nc5 Nd5 20. Qc2 a5 21. b3 Ncb6 22. h4 Ba8 23. Ng5 g6 24. Nge4 Rfd8 25. Qd2 Kg7 26. Qxa5 Rc7 27. Qd2 Ra7 28. Rfd1 Bb7 29. h5 Rda8 30. hxg6 hxg6 31. Nxb7 Qxb7 32. Qg5 Rxa2 33. Nf6 Rh8 34. g4 Rb2 35. Bxd5 Nxd5 36. Nxd5 cxd5 37. Qf6+ Kg8 38. Rc5 Kh7 39. Qh4+ Kg7 40. Qf6+ Kh7 41. Rd3 Rb1+ 42. Kg2 Kg8 43. Rdc3 Kh7 44. Rh3+ 1-0


[Site "https://www.chess.com"]

[Event "Titled Tuesday Blitz January 10 Early 2023"]
[White "Zanette, Edgard Vinicius"]
[Black "Bobkov, Vadim"]
[WhiteFideId "2109263"]
[BlackFideId "34110876"]
[WhiteElo "2085"]
[BlackElo "2249"]
[Result "0-1"]
[Round "07"]
[TimeControl "180+2"]
[Date "2023.01.10"]
[WhiteClock "0:00:01"]
[BlackClock "0:00:05"]

1. e4 c5 2. Nc3 g6 3. f4 Bg7 4. Nf3 Nc6 5. Bb5 Nd4 6. Bd3 Nf6 7. Nxd4 cxd4 8. Ne2 O-O 9. O-O d5 10. e5 Ne4 11. Nxd4 Qb6 12. c3 f6 13. exf6 Bxf6 14. Bxe4 Bxd4+ 15. cxd4 Qxd4+ 16. Kh1 dxe4 17. Qb3+ Kg7 18. Qc3 e5 19. Qxd4 exd4 20. b3 Bf5 21. Bb2 Rfd8 22. Rac1 Rd7 23. Rc4 Rad8 24. Rfc1 Kf7 25. Kg1 Ke6 26. Kf2 h5 27. h3 a6 28. Rc5 Rd5 29. Rc7 R5d7 30. R7c5 Kf7 31. Rc7 Ke6 32. R1c5 d3 33. Re5+ Kf7 34. Rcc5 Re7 35. Rxe7+ Kxe7 36. Be5 Rd7 37. Ke3 Ke6 38. Rc4 Ke7 39. g4 hxg4 40. hxg4 Bxg4 41. Rxe4 Bf5 42. Rc4 Ke6 43. Rc5 Rh7 44. Rc7 Rh3+ 45. Kd4 Rh2 46. Kc3 Re2 47. Rxb7 g5 48. Rb6+ Kd5 49. Bb8 g4 50. Rxa6 g3 0-1


[Site "https://www.chess.com"]

[Event "Titled Tuesday Blitz January 10 Early 2023"]
[White "De Souza, Cristiano Gomes"]
[Black "Kleiman, Jake"]
[WhiteFideId "2151758"]
[BlackFideId "2020041"]
[WhiteElo "2018"]
[BlackElo "2399"]
[Result "0-1"]
[Round "07"]
[TimeControl "180+2"]
[Date "2023.01.10"]
[WhiteClock "0:00:52"]
[BlackClock "0:00:20"]

1. d4 Nf6 2. c4 e6 3. Nf3 Bb4+ 4. Bd2 Bxd2+ 5. Nbxd2 O-O 6. e4 d6 7. Bd3 e5 8. d5 a5 9. b3 Na6 10. O-O Nc5 11. Bc2 Bg4 12. h3 Bxf3 13. Qxf3 g6 14. a3 Qe7 15. b4 axb4 16. axb4 Ncd7 17. Qc3 Nh5 18. g3 f5 19. Rxa8 Rxa8 20. Ra1 Rxa1+ 21. Qxa1 Qg5 22. Nf1 f4 23. g4 Nhf6 24. Qa8+ Kg7 25. Qxb7 Qh4 26. Nh2 Qxh3 27. Qxc7 f3 28. Nxf3 Qxf3 29. Qxd6 Qxg4+ 30. Kf1 Qf4 31. Bd3 Qf3 32. Bc2 Qc3 33. Bd1 Qxc4+ 34. Kg1 Qc1 0-1


[Site "https://www.chess.com"]

[Event "Titled Tuesday Blitz January 10 Early 2023"]
[White "Blokhin, Sofia"]
[Black "Trigo Urquijo, Sergio"]
[WhiteFideId "4508190"]
[BlackFideId "2262436"]
[WhiteElo "2062"]
[BlackElo "2408"]
[Result "0-1"]
[Round "07"]
[TimeControl "180+2"]
[Date "2023.01.10"]
[WhiteClock "0:00:01"]
[BlackClock "0:00:46"]

1. d4 Nf6 2. c4 g6 3. Nc3 d5 4. e3 Bg7 5. c5 b6 6. cxb6 axb6 7. Nf3 O-O 8. Bd3 c5 9. O-O Nc6 10. dxc5 bxc5 11. Bc2 e5 12. Ba4 Bb7 13. Bxc6 Bxc6 14. Nxe5 Bb7 15. Nd3 Nd7 16. Bd2 Qb6 17. Qc2 Rfc8 18. a3 d4 19. Nd1 c4 20. Nf4 d3 21. Qc1 Qc6 22. f3 g5 23. Nh5 Bh8 24. Bc3 Ne5 25. Qd2 Qg6 26. Ng3 h5 27. Nf2 h4 28. Nge4 f5 29. Bxe5 Bxe5 30. Nc3 Qd6 31. f4 gxf4 32. Nh3 fxe3 33. Qe1 Bxh2+ 34. Kh1 Qg3 35. Qxg3+ Bxg3 36. Rxf5 e2 37. Nxe2 dxe2 38. Rg5+ Kh7 39. Rh5+ Kg6 40. Rg5+ Kh6 41. Rf5 e1=Q+ 0-1


[Site "https://www.chess.com"]

[Event "Titled Tuesday Blitz January 10 Early 2023"]
[White "Novikova, Galina"]
[Black "Kuchava, Ana"]
[WhiteFideId "4157095"]
[BlackFideId "13605348"]
[WhiteElo "2073"]
[BlackElo "2101"]
[Result "1-0"]
[Round "07"]
[TimeControl "180+2"]
[Date "2023.01.10"]
[WhiteClock "0:00:05"]
[BlackClock "0:00:09"]

1. e4 c5 2. Nf3 d6 3. d4 cxd4 4. Nxd4 Nf6 5. Nc3 Nc6 6. h3 g6 7. g4 Bg7 8. Be3 Qa5 9. Qd2 a6 10. Nb3 Qc7 11. g5 Nd7 12. f4 b5 13. O-O-O Nb6 14. h4 Nc4 15. Bxc4 bxc4 16. Nd4 Rb8 17. Nxc6 Qxc6 18. Bd4 e5 19. fxe5 dxe5 20. Bc5 Bg4 21. Ba3 Bxd1 22. Rxd1 Bf8 23. Bxf8 Kxf8 24. Nd5 Kg7 25. h5 gxh5 26. Rf1 Qg6 27. Qf2 Rhf8 28. Kb1 Kh8 29. Qh4 c3 30. Nxc3 Qb6 31. b3 Rfc8 32. Nd5 Qc5 33. Rf2 Qd4 34. Qg3 Qd1+ 35. Kb2 Qd4+ 36. Kb1 Qd1+ 37. Kb2 Qd4+ 38. Kc1 Qa1+ 39. Kd2 Qxa2 40. Qxe5+ Kg8 41. Ne7+ Kf8 42. Nxc8 Rxc8 43. Qh8+ Ke7 44. Qxc8 Qa5+ 45. Qc3 Qxg5+ 46. Kd1 Qg1+ 47. Ke2 Qg4+ 48. Qf3 Qe6 49. Qf5 Qb6 50. Qxf7+ Kd8 51. Qf8+ Kc7 52. Rf7+ Kc6 53. Rf6+ Kb5 54. Rxb6+ Kxb6 55. Qf6+ Kb5 56. Qh6 Kb4 57. Qxh5 a5 58. c3+ Kxb3 59. Qxh7 a4 60. Qb7+ Kxc3 61. e5 a3 62. e6 a2 63. Qa6 Kb2 64. e7 a1=Q 65. Qxa1+ Kxa1 66. e8=Q Kb2 67. Qc8 Kb3 68. Qc5 Kb2 69. Qc4 Kb1 70. Qd3+ Ka2 71. Qb5 Ka1 72. Kd3 Ka2 73. Kc2 Ka1 74. Qb2# 1-0


[Site "https://www.chess.com"]

[Event "Titled Tuesday Blitz January 10 Early 2023"]
[White "Lauridsen, Jesper Morch"]
[Black "Silvestre, Christian"]
[WhiteFideId "1401890"]
[BlackFideId "30956269"]
[WhiteElo "2309"]
[BlackElo "1942"]
[Result "0-1"]
[Round "07"]
[TimeControl "180+2"]
[Date "2023.01.10"]
[WhiteClock "0:02:31"]
[BlackClock "0:02:51"]

1. d4 c5 2. d5 e6 3. c4 exd5 4. cxd5 d6 5. Nc3 Nf6 6. e4 g6 7. Bd3 Bg7 8. h3 O-O 9. Nf3 b5 10. Bxb5 Nxe4 11. Nxe4 Qa5+ 12. Nfd2 Qxb5 13. Nxd6 Qa6 14. Nxc8 Re8+ 0-1


[Site "https://www.chess.com"]

[Event "Titled Tuesday Blitz January 10 Early 2023"]
[White "Kornyukov, Alexey"]
[Black "Fernandez, Michael"]
[WhiteFideId "4150457"]
[BlackFideId "5803560"]
[WhiteElo "2452"]
[BlackElo "2181"]
[Result "0-1"]
[Round "07"]
[TimeControl "180+2"]
[Date "2023.01.10"]
[WhiteClock "0:00:21"]
[BlackClock "0:00:12"]

1. e4 c6 2. Nf3 d5 3. Nc3 Bg4 4. h3 Bxf3 5. Qxf3 Nf6 6. exd5 cxd5 7. Bb5+ Nc6 8. O-O e6 9. d4 Be7 10. Bg5 O-O 11. Bxc6 bxc6 12. Rad1 Qb6 13. Na4 Qa5 14. Bxf6 Bxf6 15. Nc5 Be7 16. Nd7 Rfc8 17. Ne5 Bf6 18. Ng4 Be7 19. Ne5 f6 20. Ng4 f5 21. Ne5 Qxa2 22. Qc3 Qa6 23. Rfe1 c5 24. dxc5 Bxc5 25. Qg3 Bd6 26. Qe3 Rxc2 27. Nf3 Re8 28. Nd4 Rc4 29. Nxe6 Re4 30. Qg5 R4xe6 31. Rxe6 Rxe6 32. Qd8+ Bf8 33. Qxd5 Kh8 34. Qd8 Rf6 35. Re1 Qd6 36. Qa8 Qc5 37. Re8 f4 38. Kh2 f3 39. Re3 fxg2 40. Kxg2 Qg5+ 41. Rg3 Qd2 42. Rf3 h5 43. Rxf6 Qg5+ 44. Kh2 Qxf6 45. Qxa7 Qxb2 46. Qa8 Qe5+ 47. Kg1 Qf5 48. Qg2 Kh7 49. Qa8 Bc5 50. Qg2 g5 51. Kf1 Qd3+ 52. Kg1 Qd1+ 53. Kh2 Bd6+ 54. Qg3 Kg6 55. f4 Qd2+ 56. Qg2 Bxf4+ 57. Kh1 Qe1+ 58. Qg1 Qe4+ 59. Qg2 Kf5 60. Qxe4+ Kxe4 61. Kg2 Ke3 62. Kf1 Kf3 63. Kg1 h4 64. Kh1 Kg3 65. Kg1 Kxh3 66. Kh1 g4 67. Kg1 Kg3 68. Kh1 Bg5 69. Kg1 h3 70. Kh1 Kh4 71. Kg1 g3 72. Kh1 Kg4 73. Kg1 Bh6 74. Kh1 g2+ 75. Kg1 Be3+ 76. Kh2 Kf3 77. Kxh3 g1=Q 78. Kh4 Qg6 79. Kh3 Qg5 80. Kh2 Qg4 81. Kh1 Qe4 82. Kh2 Qh4# 0-1


[Site "https://www.chess.com"]

[Event "Titled Tuesday Blitz January 10 Early 2023"]
[White "Ghosh, Chanchal Kumer"]
[Black "Melikhov, Evgeny V."]
[WhiteFideId "10201858"]
[BlackFideId "4122046"]
[WhiteElo "2020"]
[BlackElo "2269"]
[Result "1-0"]
[Round "07"]
[TimeControl "180+2"]
[Date "2023.01.10"]
[WhiteClock "0:00:19"]
[BlackClock "0:00:08"]

1. e4 c5 2. Nf3 d6 3. d4 cxd4 4. Nxd4 Nf6 5. Nc3 a6 6. Be2 e6 7. Be3 Be7 8. O-O O-O 9. f4 Qc7 10. Bf3 Nc6 11. Nb3 b5 12. g4 Bb7 13. g5 Nd7 14. Qe1 g6 15. Qh4 Rfe8 16. Bg2 f5 17. exf5 gxf5 18. Qh6 Nf8 19. Rf3 Ng6 20. Rh3 Bf8 21. Qh5 Rac8 22. Re1 Qg7 23. Rd1 Nb4 24. Bxb7 Qxb7 25. Rd2 Nxc2 26. Rxc2 b4 27. Nd5 exd5 28. Rxc8 Rxc8 29. Bd4 Rc4 30. Qxg6+ hxg6 31. Rh8+ Kf7 32. Rh7+ Ke6 33. Rxb7 a5 34. Bf6 d4 35. Nxd4+ Kd5 36. Nb3 a4 37. Na5 Rc2 38. Rxb4 Ke6 39. Rxa4 d5 40. b4 Bd6 41. Be5 Bxe5 42. fxe5 f4 43. Nb7 f3 44. Nc5+ Kxe5 45. Kf1 d4 46. Ra3 Kf4 47. Rd3 Rxa2 48. Rxd4+ Ke3 49. Rd3+ Kf4 50. Rb3 Rxh2 51. b5 Kg3 52. Ne4+ Kf4 53. Nf2 Rh8 54. b6 Ra8 55. b7 Ra1+ 56. Nd1 Rxd1+ 57. Kf2 Rd2+ 58. Ke1 Re2+ 59. Kf1 Re8 60. b8=Q+ Rxb8 61. Rxb8 Kxg5 62. Kf2 Kg4 63. Rf8 g5 64. Rxf3 Kh4 65. Rf7 g4 66. Kg2 Kg5 67. Kg3 1-0


[Site "https://www.chess.com"]

[Event "Titled Tuesday Blitz January 10 Early 2023"]
[White "Rian, Kapriaga"]
[Black "Clawitter, Craig"]
[WhiteFideId "7103263"]
[BlackFideId "2023105"]
[WhiteElo "2089"]
[BlackElo "2050"]
[Result "0-1"]
[Round "07"]
[TimeControl "180+2"]
[Date "2023.01.10"]
[WhiteClock "0:00:01"]
[BlackClock "0:00:05"]

1. d4 e6 2. Nf3 Nf6 3. Bf4 b6 4. e3 Bb7 5. Bd3 Be7 6. h3 c5 7. c3 cxd4 8. exd4 O-O 9. Nbd2 d6 10. O-O a6 11. Re1 b5 12. a4 b4 13. cxb4 Nd5 14. Bg3 Nxb4 15. Be4 Bxe4 16. Nxe4 d5 17. Nc5 a5 18. Qb3 Nd7 19. Rac1 Rc8 20. Nd3 Qb6 21. Nxb4 Bxb4 22. Red1 Nf6 23. Be5 Ne4 24. Qe3 f6 25. Bf4 Rc6 26. Rxc6 Qxc6 27. b3 Rc8 28. Ne1 Qc3 29. Qxc3 Nxc3 30. Rd2 Nxa4 31. bxa4 Bxd2 32. Bxd2 Rc4 33. Bxa5 Rxd4 34. Bb6 Rxa4 35. Kf1 e5 36. Ke2 Kf7 37. Nd3 Ra2+ 38. Ke3 Ra3 39. Bc5 Rb3 40. Ke2 Rb5 41. Be3 d4 42. Bd2 e4 43. Nf4 g5 44. Nh5 Kg6 45. Ng3 f5 46. Nf1 Rb2 47. Nh2 f4 48. Ke1 Kf5 49. g4+ Ke5 0-1


[Site "https://www.chess.com"]

[Event "Titled Tuesday Blitz January 10 Early 2023"]
[White "Nugumanov, Bakhtiyar"]
[Black "Tarnowska, Aleksandra"]
[WhiteFideId "13701797"]
[BlackFideId "1180967"]
[WhiteElo "2316"]
[BlackElo "1835"]
[Result "1-0"]
[Round "07"]
[TimeControl "180+2"]
[Date "2023.01.10"]
[WhiteClock "0:01:01"]
[BlackClock "0:00:01"]

1. Nf3 d5 2. g3 Nf6 3. Bg2 c6 4. c4 Bf5 5. O-O e6 6. cxd5 cxd5 7. Qb3 Qb6 8. Qxb6 axb6 9. d3 Nc6 10. Nc3 Be7 11. Bd2 Kd8 12. Rfc1 h6 13. a3 Nd7 14. b4 g5 15. e4 dxe4 16. dxe4 Bg6 17. Be3 Bf6 18. b5 Na5 19. e5 Nxe5 20. Nxe5 Bxe5 21. Bxb6+ Ke7 22. Bxa5 Rxa5 23. Bxb7 Rb8 24. Bc6 h5 25. a4 h4 26. Ra3 hxg3 27. hxg3 f5 28. Rd1 f4 29. Rd7+ Kf6 30. g4 Rh8 31. Ne4+ Bxe4 32. Bxe4 Bb2 33. Ra2 Be5 34. b6 Rb8 35. b7 Ra7 36. a5 1-0


[Site "https://www.chess.com"]

[Event "Titled Tuesday Blitz January 10 Early 2023"]
[White "Levine, David"]
[Black "Sargissyan, Sargis"]
[WhiteFideId "2011611"]
[BlackFideId "13303210"]
[WhiteElo "2040"]
[BlackElo "2234"]
[Result "0-1"]
[Round "07"]
[TimeControl "180+2"]
[Date "2023.01.10"]
[WhiteClock "0:00:08"]
[BlackClock "0:00:28"]

1. d4 Nf6 2. c4 g6 3. g3 Bg7 4. Bg2 O-O 5. Nf3 d6 6. O-O Nc6 7. Nc3 a6 8. e4 e5 9. d5 Nd4 10. Nxd4 exd4 11. Ne2 Re8 12. f3 c5 13. dxc6 bxc6 14. Nxd4 Qb6 15. Kh1 Nxe4 16. Nxc6 Nf2+ 17. Rxf2 Qxf2 18. Bf4 Bb7 19. Na5 Re2 20. Qf1 Bxf3 21. Qxf2 Rxf2 22. Bxf3 Rxf3 23. Rb1 Be5 24. Kg2 Rd3 25. Bh6 Rc8 26. b4 Ra3 27. Nb7 Rxc4 0-1


[Site "https://www.chess.com"]

[Event "Titled Tuesday Blitz January 10 Early 2023"]
[White "Mendez Machado, Andre"]
[Black "Pak, Yevgeniy"]
[WhiteFideId "6603793"]
[BlackFideId "14201712"]
[WhiteElo "1974"]
[BlackElo "2384"]
[Result "1-0"]
[Round "07"]
[TimeControl "180+2"]
[Date "2023.01.10"]
[WhiteClock "0:00:16"]
[BlackClock "0:00:03"]

1. e4 g6 2. d4 Bg7 3. Nc3 d6 4. Nf3 Nf6 5. h3 Nbd7 6. Be3 O-O 7. Be2 a6 8. a4 c5 9. O-O b6 10. e5 Ne8 11. Qd2 e6 12. exd6 Nxd6 13. dxc5 Nxc5 14. Rad1 Ncb7 15. Bf4 Nf5 16. Qxd8 Nxd8 17. Bc7 Nc6 18. Bxb6 Rb8 19. a5 Bb7 20. g4 Nfe7 21. Rd7 Bxc3 22. bxc3 Nd5 23. c4 Bc8 24. Rc7 Nxb6 25. Rxc6 Na4 26. Ne5 Nc3 27. Rb6 Nxe2+ 28. Kg2 Rxb6 29. axb6 Nf4+ 30. Kg3 Ne2+ 31. Kf3 Nd4+ 32. Ke3 1-0


[Site "https://www.chess.com"]

[Event "Titled Tuesday Blitz January 10 Early 2023"]
[White "Pinero Rodriguez, Carlos Jose"]
[Black "Necula, Iulian"]
[WhiteFideId "3901726"]
[BlackFideId "1232380"]
[WhiteElo "2246"]
[BlackElo "1851"]
[Result "1-0"]
[Round "07"]
[TimeControl "180+2"]
[Date "2023.01.10"]
[WhiteClock "0:02:18"]
[BlackClock "0:02:11"]

1. d4 f5 2. c4 Nf6 3. Nc3 d6 4. Bf4 g6 5. h3 Bg7 6. e3 O-O 7. Bh2 b6 8. Be2 Bb7 9. Bf3 Qc8 10. d5 c6 11. Rc1 e5 12. dxe6 Qxe6 13. Qxd6 Qxd6 14. Bxd6 Rd8 15. c5 bxc5 16. Bxc5 Nd5 17. Nxd5 cxd5 18. Bd4 Nc6 19. Bxg7 Kxg7 20. Ne2 Nb4 21. O-O Nxa2 22. Rc7+ Kh6 23. Rxb7 a5 24. Ra1 Nb4 25. Nd4 a4 26. Rxb4 1-0


[Site "https://www.chess.com"]

[Event "Titled Tuesday Blitz January 10 Early 2023"]
[White "Vaglio Munoz, Jaime"]
[Black "Vargas, Mauricio"]
[WhiteFideId "6500145"]
[BlackFideId "4404572"]
[WhiteElo "2174"]
[BlackElo "2035"]
[Result "1-0"]
[Round "07"]
[TimeControl "180+2"]
[Date "2023.01.10"]
[WhiteClock "0:00:28"]
[BlackClock "0:00:03"]

1. e4 c6 2. Nc3 d5 3. Nf3 dxe4 4. Nxe4 Nf6 5. Nxf6+ exf6 6. Bc4 Bd6 7. Qe2+ Be7 8. O-O O-O 9. d4 Re8 10. Qd3 Bd6 11. h3 Bc7 12. Bb3 Qd6 13. c4 b6 14. Bc2 f5 15. Bd2 Be6 16. Rae1 Nd7 17. b3 Nf6 18. Bc3 Ne4 19. Ne5 f6 20. Nf3 g5 21. c5 bxc5 22. dxc5 Qxc5 23. Rxe4 fxe4 24. Qxe4 f5 25. Qd4 Qxd4 26. Bxd4 g4 27. Ng5 Bd7 28. hxg4 fxg4 29. Bd3 h6 30. Bc4+ Kf8 31. Bc5+ Kg7 32. f3 hxg5 33. fxg4 Bb6 34. Bxb6 axb6 35. Rd1 Rad8 36. Rd6 Bxg4 37. Rxc6 Rd1+ 38. Kh2 Ree1 39. Rxb6 Rh1+ 40. Kg3 Ra1 41. Rb5 Kg6 42. Kxg4 Rxa2 43. Rb6+ Kg7 44. g3 Ra5 45. Rb7+ Kf6 46. Rb6+ Ke5 47. Re6+ Kd4 48. Rd6+ Kc3 49. Rd3+ Kb4 50. Rd8 Re1 51. Rb8+ Kc3 52. Bf7 Re4+ 53. Kh5 g4+ 54. Kh4 Re1 55. b4 Rh1+ 56. Kxg4 Ra4 57. Rc8+ Kb2 58. Rc4 Rb1 59. Rf4 Ka3 60. Rf3+ Rb3 61. Rxb3+ Ka2 62. Kf5 Ka1 63. b5 Ra5 64. Kf6 Ra7 65. b6 Rb7 66. Bd5 1-0


[Site "https://www.chess.com"]

[Event "Titled Tuesday Blitz January 10 Early 2023"]
[White "Mohammadian, Mohammad"]
[Black "Rosenberg, Evan S"]
[WhiteFideId "12566055"]
[BlackFideId "2019299"]
[WhiteElo "1398"]
[BlackElo "1956"]
[Result "0-1"]
[Round "07"]
[TimeControl "180+2"]
[Date "2023.01.10"]
[WhiteClock "0:00:01"]
[BlackClock "0:00:39"]

1. e4 e5 2. Nf3 Nc6 3. Bb5 Nf6 4. O-O Nxe4 5. Re1 Nd6 6. Bxc6 dxc6 7. Nxe5 Be7 8. d4 O-O 9. Bf4 Nf5 10. c3 Be6 11. Nd2 c5 12. Ndf3 cxd4 13. Nxd4 Nxd4 14. Qxd4 Qxd4 15. cxd4 Rfd8 16. Nf3 c6 17. Be3 Bf6 18. Red1 Bg4 19. Rd2 Bxf3 20. gxf3 Rd5 21. Rad1 Rad8 22. Kf1 g6 23. Kg2 h5 24. h3 a5 25. a3 a4 26. Rd3 R8d7 27. R3d2 Rb5 28. f4 Rdd5 29. Kf3 Rb3 30. Kg2 Bd8 31. Kf1 Ba5 32. Rc2 Kg7 33. Kg2 Kf6 34. Rdc1 Kf5 35. Re2 Bc7 36. Rc3 Rdb5 37. Rcc2 Bxf4 38. Bxf4 Kxf4 39. Re7 f5 40. Re6 g5 41. Ree2 Rd3 42. Red2 Rbb3 43. Kh2 Rxh3+ 44. Kg2 Rhd3 45. Kf1 h4 46. Kg2 g4 47. Rxd3 Rxd3 48. Rc4 h3+ 49. Kh2 b5 0-1


[Site "https://www.chess.com"]

[Event "Titled Tuesday Blitz January 10 Early 2023"]
[White "Dilmukhametov, Artur"]
[Black "Kiseleva, Arina"]
[WhiteFideId "24179922"]
[BlackFideId "4164989"]
[WhiteElo "2276"]
[BlackElo "1962"]
[Result "0-1"]
[Round "07"]
[TimeControl "180+2"]
[Date "2023.01.10"]
[WhiteClock "0:00:11"]
[BlackClock "0:00:06"]

1. d4 Nf6 2. Nc3 e6 3. Bf4 Bb4 4. Nf3 Ne4 5. Bd2 Nxd2 6. Qxd2 c5 7. e3 Qa5 8. Be2 O-O 9. O-O Nc6 10. a3 Bxc3 11. Qxc3 Qxc3 12. bxc3 b6 13. Bd3 d6 14. Rab1 Bb7 15. Nd2 Rfd8 16. Nc4 g6 17. a4 Ba6 18. Ne5 Bxd3 19. Nxd3 Rac8 20. Nf4 cxd4 21. cxd4 Na5 22. Rfc1 Rc4 23. Ra1 Rdc8 24. Ra2 Nb3 25. Rd1 Rxc2 26. Rxc2 Rxc2 27. Nd3 a5 28. Rb1 Rc3 29. Nf4 Nd2 30. Rd1 Nc4 31. g3 Nb2 32. Rb1 Nxa4 33. d5 e5 34. Ne2 Rd3 35. e4 Rd2 36. Kf1 Rb2 37. Rc1 Nc5 38. f3 a4 39. Ra1 b5 40. Nc3 Nb3 41. Ra3 Nd2+ 42. Ke1 Nxf3+ 43. Kd1 Nd4 44. h4 b4 45. Rxa4 bxc3 46. Rc4 c2+ 47. Kc1 Rb1+ 48. Kd2 Rd1+ 49. Kc3 c1=Q+ 50. Kb4 Qb2+ 51. Ka5 Qb5# 0-1


[Site "https://www.chess.com"]

[Event "Titled Tuesday Blitz January 10 Early 2023"]
[White "Kaiyrbekov, Rustam"]
[Black "Winkels, Marcel"]
[WhiteFideId "13702424"]
[BlackFideId "1003887"]
[WhiteElo "2295"]
[BlackElo "1960"]
[Result "0-1"]
[Round "07"]
[TimeControl "180+2"]
[Date "2023.01.10"]
[WhiteClock "0:01:54"]
[BlackClock "0:01:47"]

1. c4 Nf6 2. d4 g6 3. Nc3 d5 4. Nf3 Bg7 5. g3 c6 6. Bg2 O-O 7. O-O dxc4 8. e4 b5 9. e5 Nd5 10. b3 Nxc3 11. Qc2 Nd5 12. bxc4 bxc4 13. Qxc4 Ba6 14. Qc2 Bxf1 15. Bxf1 Qb6 16. Rb1 Qc7 17. Bd2 Nd7 18. Bg2 N7b6 19. Rc1 Rac8 20. Ba5 Qb7 21. Rb1 Qa6 22. Be1 Qc4 23. Qd2 Rb8 24. Bf1 Qa4 25. Rb2 Nc4 26. Bxc4 Rxb2 27. Qxb2 Qxc4 28. Nd2 Qe2 29. Qc1 Bh6 30. f4 Ne3 31. Ne4 Qg2# 0-1


[Site "https://www.chess.com"]

[Event "Titled Tuesday Blitz January 10 Early 2023"]
[White "Muzzi, Eduardo"]
[Black "Souza, Gustavo Horokoski De"]
[WhiteFideId "3001253"]
[BlackFideId "2146584"]
[WhiteElo "1917"]
[BlackElo "1943"]
[Result "1-0"]
[Round "07"]
[TimeControl "180+2"]
[Date "2023.01.10"]
[WhiteClock "0:01:14"]
[BlackClock "0:00:01"]

1. e4 e6 2. d4 d5 3. e5 c5 4. Nf3 Nc6 5. Bd3 cxd4 6. O-O Nge7 7. Bf4 Ng6 8. Bg3 Be7 9. Re1 O-O 10. Nbd2 Bd7 11. a3 Nh4 12. Nxh4 Bxh4 13. Bxh7+ Kxh7 14. Qh5+ Kg8 15. Bxh4 Qb6 16. Nf3 f6 17. exf6 Be8 18. Qg4 Rf7 19. Rxe6 Bd7 20. Rae1 Bxe6 21. Qxe6 Qc7 22. Ng5 gxf6 23. Nxf7 Qxf7 24. Qg4+ Kf8 25. Re6 f5 26. Qe2 Re8 27. Rxe8+ Qxe8 28. Qd2 Qe4 29. Bg3 Kf7 30. h4 Kg6 31. Qg5+ Kf7 32. h5 1-0


[Site "https://www.chess.com"]

[Event "Titled Tuesday Blitz January 10 Early 2023"]
[White "Dubov, Daniil"]
[Black "Sadhwani, Raunak"]
[WhiteFideId "24126055"]
[BlackFideId "35093487"]
[WhiteElo "2708"]
[BlackElo "2627"]
[Result "0-1"]
[Round "08"]
[TimeControl "180+2"]
[Date "2023.01.10"]
[WhiteClock "0:00:04"]
[BlackClock "0:00:07"]

1. d4 Nf6 2. Nf3 d5 3. Bg5 Ne4 4. Bh4 Bf5 5. Nbd2 Nd7 6. e3 c5 7. dxc5 Ndxc5 8. c4 h6 9. Nd4 Nxd2 10. Qxd2 Ne4 11. Qc2 Qa5+ 12. Kd1 Bd7 13. f3 Nf6 14. Be1 Qd8 15. cxd5 Nxd5 16. Qb3 Nb6 17. Ke2 e5 18. Nb5 a6 19. Nc3 Be7 20. Rd1 O-O 21. Kf2 Qc7 22. Be2 Be6 23. Qc2 Rac8 24. Rf1 f5 25. Kg1 Bc5 26. Bf2 Qe7 27. Rc1 Bb4 28. Qb1 Bxc3 29. Rxc3 Rxc3 30. bxc3 Nd5 31. Qb2 f4 32. exf4 Nxf4 33. Re1 Qg5 34. Bg3 Bd5 35. Bf1 h5 36. Qb6 h4 37. Bxf4 Rxf4 38. Qc5 Bxf3 39. Rxe5 Qg6 40. Rg5 Qf6 41. gxf3 Rxf3 42. Bc4+ Kh7 43. Qd5 Kh6 44. Rh5+ Kg6 45. Bd3+ Rxd3 46. Qxd3+ Kxh5 47. Qe2+ Kh6 48. Qe4 Qg6+ 49. Qxg6+ Kxg6 50. Kg2 Kf5 51. Kf3 g5 52. h3 b5 0-1


[Site "https://www.chess.com"]

[Event "Titled Tuesday Blitz January 10 Early 2023"]
[White "Andreikin, Dmitry"]
[Black "Chigaev, Maksim"]
[WhiteFideId "4158814"]
[BlackFideId "4108116"]
[WhiteElo "2729"]
[BlackElo "2628"]
[Result "1-0"]
[Round "08"]
[TimeControl "180+2"]
[Date "2023.01.10"]
[WhiteClock "0:00:02"]
[BlackClock "0:00:03"]

1. Nf3 Nf6 2. c4 g6 3. b4 Bg7 4. Bb2 O-O 5. e3 d6 6. Be2 e5 7. d3 Re8 8. O-O a5 9. b5 e4 10. dxe4 Nxe4 11. Bxg7 Kxg7 12. Nfd2 Nc5 13. Nc3 Nbd7 14. Nb3 Nb6 15. Qd4+ Qf6 16. Rac1 Qxd4 17. exd4 Nxb3 18. axb3 a4 19. c5 dxc5 20. dxc5 Nd7 21. bxa4 Nxc5 22. Bf3 Nxa4 23. Nd5 Re5 24. Rxc7 Rb8 25. Rfc1 Be6 26. Nf4 Bb3 27. h4 Rxb5 28. h5 Re8 29. Bxb7 Rbe5 30. Kh2 R8e7 31. Bf3 Rxc7 32. Rxc7 Nc5 33. Bd5 g5 34. Rxf7+ Kh6 35. Rf6+ Kg7 36. Rf7+ Kh6 37. Bxb3 Nxb3 38. Nd3 Rd5 39. Nb4 Rb5 40. Nc6 Kxh5 41. Rxh7+ Kg6 42. Rc7 Rc5 43. Ne7+ Kf6 44. Ng8+ Kg6 45. Rb7 Nd4 46. f3 Rc2 47. Ne7+ Kh6 48. Kg3 Re2 49. Nd5 Nf5+ 50. Kh3 Nd4 51. Rb6+ Kg7 52. Nc3 Re1 53. Ne4 Rh1+ 54. Kg4 Rg1 55. g3 Rf1 56. Nxg5 Kf8 57. Ne6+ Nxe6 58. Rxe6 1-0


[Site "https://www.chess.com"]

[Event "Titled Tuesday Blitz January 10 Early 2023"]
[White "Nakamura, Hikaru"]
[Black "Svane, Frederik"]
[WhiteFideId "2016192"]
[BlackFideId "12923044"]
[WhiteElo "2775"]
[BlackElo "2600"]
[Result "1-0"]
[Round "08"]
[TimeControl "180+2"]
[Date "2023.01.10"]
[WhiteClock "0:02:01"]
[BlackClock "0:00:07"]

1. Nf3 c5 2. e4 e6 3. c3 d5 4. e5 d4 5. Bd3 Bd7 6. Be4 Bc6 7. Qe2 g5 8. h3 Bg7 9. d3 h6 10. Nbd2 Ne7 11. Nc4 Nc8 12. h4 g4 13. Nfd2 h5 14. a4 Qd7 15. f3 gxf3 16. Nxf3 Bxa4 17. Rxa4 Qxa4 18. Bxb7 Nb6 19. Nd6+ Kf8 20. O-O 1-0


[Site "https://www.chess.com"]

[Event "Titled Tuesday Blitz January 10 Early 2023"]
[White "Demchenko, Anton"]
[Black "Sarana, Alexey"]
[WhiteFideId "4160258"]
[BlackFideId "24133795"]
[WhiteElo "2623"]
[BlackElo "2685"]
[Result "1/2-1/2"]
[Round "08"]
[TimeControl "180+2"]
[Date "2023.01.10"]
[WhiteClock "0:00:35"]
[BlackClock "0:02:15"]

1. e4 e5 2. Nf3 Nc6 3. Bc4 Nf6 4. d3 d5 5. exd5 Nxd5 6. O-O Bg4 7. h3 Bh5 8. Re1 Qd6 9. Nc3 Nxc3 10. bxc3 O-O-O 11. Qe2 f5 12. Qe3 f4 13. Qe4 Bg6 14. Qe2 Bh5 15. Qe4 Re8 16. Qf5+ Kb8 17. Qxh5 g6 18. Qh4 Be7 19. Qh6 Bf8 20. Qh4 Be7 21. Qh6 Bf8 22. Qh4 1/2-1/2


[Site "https://www.chess.com"]